 Dungeon Crawl Stone Soup version 0.29.0-5-ge4962eb29e (webtiles) character file.

Game seed: 16208612660790949896

113 GigaChad the Firebug (level 4, -5/35 HPs)
             Began as a Draconian Fire Elementalist on Aug 29, 2022.
             Killed by divine providence
             ... invoked by an orc priest
              (9 damage)
             ... on level 3 of the Dungeon.
             The game lasted 00:08:17 (3679 turns).

GigaChad the Firebug (Draconian Fire Elementalist)  Turns: 3679, Time: 00:08:18

Health: -5/35      AC:  5    Str: 13    XL:     4   Next: 65%
Magic:  7/7        EV: 12    Int: 15    God:
Gold:   64         SH:  0    Dex: 11    Spells: 6/7 levels left

rFire   . . .      SeeInvis .   f - +0 long sword
rCold   . . .      Faith    .   (no shield)
rNeg    . . .      Spirit   .   (body armour unavailable)
rPois   .          Reflect  .   (helmet restricted)
rElec   .          Harm     .   (no cloak)
rCorr   .          Rampage  .   (no gloves)
Will    +....                   (no boots)
Stlth   ++........              (no amulet)
HPRegen 0.11/turn               c - ring of willpower
MPRegen 0.10/turn               (no ring)

@: no status effects
A: AC +5, unfitting armour, cold-blooded
a: no special abilities


You were on level 3 of the Dungeon.
You visited 1 branch of the dungeon, and saw 3 of its levels.

You collected 64 gold pieces.

Inventory:

Hand Weapons
 f - a +0 long sword (weapon)
Jewellery
 c - a ring of willpower (left hand)
 l - a ring of positive energy
Scrolls
 b - 2 scrolls of teleportation {unknown}
 e - 3 scrolls of enchant armour
 g - a scroll of fear {unknown}
 i - 2 scrolls of identify
Potions
 a - a potion of magic
 d - a potion of degeneration
 h - a potion of brilliance {unknown}
 j - a potion of resistance {unknown}
 k - a potion of cancellation {unknown}


   Skills:
 + Level 1.0 Fighting
 + Level 2.0 Long Blades
 + Level 2.5 Dodging
 + Level 2.0 Stealth
 + Level 0.7 Unarmed Combat
 + Level 2.2 Spellcasting
 + Level 1.1 Conjurations
 + Level 3.6 Fire Magic


You had 6 spell levels left.
You knew the following spells:

 Your Spells              Type           Power      Damage    Failure   Level
a - Foxfire               Conj/Fire      32%        2x1d5     9%          1

Your spell library contained the following spells:

 Spells                   Type           Power      Damage    Failure   Level
 Scorch                   Fire           24%        2d6       7%          2
 Slow                     Hex            4%         N/A       22%         1
 Conjure Flame            Conj/Fire      8%         6-21      24%         3
 Inner Flame              Hex/Fire       7%         N/A       30%         3
 Confusing Touch          Hex            1%         N/A       54%         3
 Ozocubu's Armour         Ice            1%         N/A       54%         3
 Portal Projectile        Hex/Tloc       2%         N/A       54%         3
 Tukima's Dance           Hex            1%         N/A       54%         3
 Vampiric Draining        Necr           1%         2d6       54%         3
 Flame Wave               Conj/Fire      8%         2d5       63%         4
 Blade Hands              Tmut           0%         N/A       99%         5
 Metabolic Englaciation   Hex/Ice        0%         N/A       99%         5
 Simulacrum               Ice/Necr       0%         N/A       100%        6


Dungeon Overview and Level Annotations

Branches:
Dungeon (3/15)

Altars:
Uskayaw


Innate Abilities, Weirdness & Mutations

Your plain brown scales are hard. (AC +5)
You cannot fit into any form of body armour.
You are cold-blooded and may be slowed by cold attacks.


Message History

The adder bites you.
You closely miss the adder. The adder barely misses you.
You closely miss the adder. The adder bites you but does no damage.
The adder completely misses you.
The orc priest casts a cantrip, but nothing happens.
You hit the adder but do no damage. The adder bites you but does no damage.
You slash the adder!
The adder is almost dead.
The adder bites you but does no damage. The adder completely misses you.
You hit the adder.
You kill the adder!
The orc priest miscasts a cantrip.
Something hits you.
You hit something.
Your tail-slap misses something.
Something hits you.
You closely miss something. Something hits you.
The orc priest looks satisfied for a moment.
Something hits you.
You hit something.
An orc wizard appears from thin air!
Reactivating autopickup.
The orc wizard hits you with a +0 dagger.
You barely miss the orc wizard.
The orc wizard is severely wounded.
The orc wizard hits you with a +0 dagger.
You hit the orc wizard.
The orc wizard is almost dead.
The orc wizard hits you with a +0 dagger.
You barely miss the orc wizard. You tail-slap the orc wizard.
You kill the orc wizard!
The orc priest invokes the aid of Beogh against you.
Beogh smites you!
* * * LOW HITPOINT WARNING * * *
The orc hits you with a +0 hand axe of electrocution.
* * * LOW HITPOINT WARNING * * *
Your Fighting skill increases to level 1!
Your Long Blades skill increases to level 2!
You hit the orc.
The orc is heavily wounded.
The orc priest invokes the aid of Beogh against you.
Beogh smites you!
You die...

#.#.##. #.#.##. #.#.##. #.#.##.
#.#.##. #.#.... #......
#.###############################
#.....o.......oo@................
#o###############################


You could see an orc priest and an orc.

Vanquished Creatures
  An orc wizard (D:3)
  3 adders
  A worm (D:2)
  2 dart slugs
  2 orcs (D:3)
  6 bats
  2 endoplasms
  A giant cockroach (D:1)
  4 goblins
  9 hobgoblins
  2 jackals (D:2)
  5 quokkas
  4 ball pythons (D:1)
  2 frilled lizards (D:1)
  2 kobolds
  3 rats
49 creatures vanquished.

Vanquished Creatures (collateral kills)
  A foxfire (D:2)
1 creature vanquished.

Vanquished Creatures (others)
  40 foxfires
  7 plants (D:2)
47 creatures vanquished.

Grand Total: 97 creatures vanquished

Notes
Turn   | Place    | Note
-------+----------+-------------------------------------------
     0 | D:1      | GigaChad the Draconian Fire Elementalist began the quest
                  | for the Orb.
     0 | D:1      | Reached XP level 1. HP: 14/14 MP: 3/3
   602 | D:1      | Reached XP level 2. HP: 11/20 MP: 0/5
  1583 | D:1      | Reached XP level 3. HP: 26/26 MP: 4/6
  2443 | D:2      | Reached skill level 1 in Long Blades
  2917 | D:2      | Found a hide-covered altar of Uskayaw.
  3139 | D:2      | Reached XP level 4. HP: 33/34 MP: 4/7
  3679 | D:3      | Reached skill level 1 in Fighting
  3679 | D:3      | Killed from afar by an orc priest

Illustrated notes

Levels and vault maps discovered:
D:1:      minmay_arrival_semitransparent, layout_loops_ring,
          corexii_corridor_pit
D:2:      wad_woods_pond, layout_basic, basic_altar
D:3:      cheibrodos_greedy_goblins, layout_basic, uniq_ijyb

Skill      XL: |  1  2  3  4 |
---------------+-------------+-----
Dodging        | 2 |  2.5
Long Blades    | 1 2 |  2.0
Stealth        | 2 |  2.0
Fighting       | 1 |  1.0
Unarmed Combat | |  0.7
Spellcasting   | |  2.2
Conjurations   | |  1.1
Fire Magic     | |  3.6

Action                   |  1- 3 |  4- 6 || total
-------------------------+-------+-------++-------
Melee: Unarmed           |    52 |       ||    52
       Tailslap          |     9 |     4 ||    13
       Long sword        |    71 |    41 ||   112
       Punch             |     2 |       ||     2
 Cast: Foxfire           |    36 |     7 ||    43
  Use: Scroll            |     2 |       ||     2
Armor: Skin              |    77 |    16 ||    93
Dodge: Dodged            |   148 |    35 ||   183
